 Dungeon Crawl Stone Soup version 0.31-a0-1447-g87ca8d402b (webtiles) character file.

Game seed: 2370922448466051555

512 Sonofthefire the Trooper (level 7, 0/49 HPs)
             Began as an Octopode Monk on Dec 27, 2023.
             Slain by Dowan
             ... wielding a +0 dagger
              (5 damage)
             ... on level 4 of the Dungeon.
             The game lasted 00:04:46 (3259 turns).

Sonofthefire the Trooper (Octopode Monk)            Turns: 3259, Time: 00:04:48

Health: 0/49       AC:  1    Str: 19    XL:     7   Next: 19%
Magic:  7/7        EV: 15    Int: 12    God:
Gold:   207        SH:  0    Dex: 14    Spells: 6/6 levels left

rFire   . .          .
                       - Unarmed
rCold   . . .        b - orb {light}
rNeg    . . .        (helmet restricted)
rPois   +            (no amulet)
rElec   .            p - +6 ring of strength
rCorr   .            s - ring of poison resistance
SInv    .            (no ring)
Will    .....        (no ring)
Stlth   +            (no ring)
HPRegen 0.28/turn    (no ring)
MPRegen 0.10/turn    (no ring)
                     (no ring)

%: no passive effects
@: glowing
A: almost no armour, amphibious, 8 rings, camouflage 1, gelatinous body 1,
(nimble swimmer 1), tentacles
a: no special abilities


You were on level 4 of the Dungeon.
You visited 1 branch of the dungeon, and saw 4 of its levels.

You collected 207 gold pieces.

Inventory:

Armour
 b - an orb of light (worn)
Jewellery
 p - a +6 ring of strength (left tentacle)
 s - a ring of poison resistance (right tentacle)
Talismans
 f - a maw talisman
Wands
 x - a wand of iceblast (10)
Scrolls
 d - a scroll of fear {unknown}
 g - a scroll of revelation {unknown}
 h - a scroll of silence {unknown}
 j - a scroll of amnesia {unknown}
 k - 2 scrolls of identify {unknown}
 m - 3 scrolls of teleportation {unknown}
 n - 2 scrolls of blinking {unknown}
 q - a scroll of immolation {unknown}
 r - a scroll of enchant armour {unknown}
Potions
 c - a potion of might {unknown}
 e - 2 potions of enlightenment {unknown}
 i - a potion of haste {unknown}
 l - 4 potions of curing {unknown}
 o - a potion of brilliance {unknown}
 t - a potion of mutation {unknown}
 u - 2 potions of heal wounds {unknown}
 v - a potion of berserk rage {unknown}
 w - a potion of degeneration {unknown}


   Skills:
 + Level 4.9 Fighting
 + Level 4.8 Dodging
 + Level 4.8 Unarmed Combat
 + Level 2.6 Shapeshifting


You had 6 spell levels left.
You didn't know any spells.
Your spell library contained the following spells:

 Spells                   Type           Power      Damage    Failure   Level
 Apportation              Tloc           0%         N/A       32%         1
 Necrotise                Necr           0%         1d4       32%         1
 Sting                    Conj/Alch      0%         1d3       32%         1
 Summon Small Mammal      Summ           0%         N/A       32%         1
 Fugue of the Fallen      Necr           0%         N/A       69%         3
 Ozocubu's Armour         Ice            0%         N/A       69%         3
 Manifold Assault         Tloc           0%         N/A       97%         4


Dungeon Overview and Level Annotations

Branches:
Dungeon (4/15)
 Temple: D:4-7

Altars:
Ru

Shops:
D:1 [   D:2 [

Annotations:
D:4 Dowan


Innate Abilities, Weirdness & Mutations

You cannot wear most types of armour.
You are amphibious.
You can wear up to eight rings at the same time.
Your skin changes colour to match your surroundings (Stealth+).
Your rubbery body absorbs attacks. (AC +1, EV +1)
((You are camouflaged when in or above water. (Stealth+)))
You have tentacles for arms and can constrict up to eight enemies at once.


Message History

Duvessa hits you with a +0 short sword.
You tentacle-slap Duvessa but do no damage.
Duvessa is severely wounded.
You constrict Duvessa. Duvessa barely misses you.
You tentacle-slap Duvessa.
You tentacle-slap Duvessa, but do no damage.
Duvessa is severely wounded.
You constrict Duvessa. Duvessa hits you with a +0 short sword!
You tentacle-slap Duvessa but do no damage.
Duvessa is almost dead.
You constrict Duvessa.
You kill Duvessa!
Dowan's eyes darken. "You have made a grave mistake."
Dowan seems to find hidden reserves of power!
You have reached level 7!
You are confused.
You feel invigorated. Dowan hits you with a +0 dagger. x2
* * * LOW HITPOINT WARNING * * *
You bump into the rock wall.
Dowan closely misses you.
You bump into the rock wall.
Dowan hits you with a +0 dagger. Dowan misses you.
You bump into the rock wall.
Dowan closely misses you.
You bump into the rock wall.
You feel less invigorated.
You feel less confused. Dowan hits you but does no damage.
Dowan hits you with a +0 dagger. Dowan gestures at you while chanting.
The shard of ice misses you.
Dowan breathes, "And she was my only..."
Dowan closely misses you.
Dowan says, "How can I live without her?"
Dowan casts a spell at you. The stone arrow hits you!
* * * LOW HITPOINT WARNING * * *
Aiming: Iceblast
Press: ? - help, Shift-Dir - straight line, f - Dowan
Aim: Dowan, wielding a +0 dagger and wearing a +0 robe (fast, haloed)
The mass of ice explodes!
The iceblast engulfs Dowan!
Dowan is heavily wounded.
Dowan says, "How can I live without her?"
Dowan hits you with a +0 dagger.
You die...

..#########.#####...............#
.....##.. ..#......# ###.#..####
..##.##.# ###.####.# .. #..#
..##.##.# #....#.# ######..#
..##....# #..#.#.# ........#
.)#.....#####..#.#.#########.####
..#.###........#.................
....# #...###.##.###########.####
....###.#..##.##@# #(#
......#.......##e# #.#
#####..e....####.# #.# #
#.........##.# #)# #
##......#.##.# #)# +......#.##.#
#.# #.....^#.##)# #.#
#........##.# #.# #...........#
..#


You could see Dowan (fast).

Vanquished Creatures
  Duvessa (D:4)
  An ogre (D:4)
  A phantom (D:4)
  A bombardier beetle (D:3)
  A jelly (D:4)
  Crazy Yiuf (D:3)
  Natasha (twice) (D:3)
  2 adders (D:2)
  5 worms
  A dart slug (D:1)
  4 orcs (D:4)
  5 ball pythons
  7 endoplasms
  A giant cockroach (D:3)
  7 goblins
  8 hobgoblins
  6 jackals
  6 kobolds
  5 quokkas
  6 bats
  5 frilled lizards
  3 rats
79 creatures vanquished.

Notes
Turn   | Place    | Note
-------+----------+-------------------------------------------
     0 | D:1      | Sonofthefire the Octopode Monk began the quest for the Orb.
     0 | D:1      | Reached XP level 1. HP: 16/16 MP: 1/1
   173 | D:1      | Reached XP level 2. HP: 21/21 MP: 2/2
   350 | D:1      | Found Dannom's Armour Boutique.
   698 | D:1      | Reached XP level 3. HP: 25/26 MP: 3/3
   997 | D:2      | Found Xett's Antique Armour Shop.
  1086 | D:2      | Reached XP level 4. HP: 33/33 MP: 4/4
  1750 | D:3      | Found a faded altar of an unknown god.
  1994 | D:3      | Reached skill level 1 in Shapeshifting
  1994 | D:3      | Reached XP level 5. HP: 35/37 MP: 5/5
  2227 | D:3      | Noticed Natasha
  2236 | D:3      | Killed Natasha
  2438 | D:3      | Found a runed translucent door.
  2439 | D:3      | Noticed Crazy Yiuf
  2474 | D:3      | Noticed Natasha
  2484 | D:3      | Killed Natasha
  2660 | D:3      | Found a sacrificial altar of Ru.
  2699 | D:3      | Killed Crazy Yiuf
  2820 | D:4      | Noticed an ogre
  2823 | D:4      | Killed an ogre
  2824 | D:4      | Reached XP level 6. HP: 16/44 MP: 6/6
  3219 | D:4      | Noticed Duvessa
  3222 | D:4      | Noticed Dowan
  3248 | D:4      | Killed Duvessa
  3249 | D:4      | Reached XP level 7. HP: 15/49 MP: 7/7
  3259 | D:4      | Slain by Dowan

Illustrated notes

Levels and vault maps discovered:
D:1:      sevenhm_arrival_forest_fort_large_4, layout_loops_cross, serial_shops,
          nicolae_shop_crystal, minmay_misc_feat_rows, serial_bayou_pond_d
D:2:      kennysheep_big_flooded_room, layout_loops_ring, serial_shops, shop
D:3:      layout_rooms, nicolae_ru_path_of_blood, ebering_ecumenical_altar_rust,
          minmay_puff, uniq_natasha, uniq_crazy_yiuf_cottage
D:4:      layout_basic, minmay_stone_trees_small, uniq_edmund, uniq_grinder,
          uniq_duvessa

Skill      XL: |  1  2  3  4  5 |
---------------+----------------+-----
Fighting       | 4 |  4.9
Shapeshifting  | 1 2 |  2.6
Dodging        | 4 |  4.8
Unarmed Combat | 4 |  4.8

Action                     |  1- 3 |  4- 6 |  7- 9 || total
---------------------------+-------+-------+-------++-------
  Melee: Unarmed           |    69 |   108 |       ||   177
         Constrict         |    25 |    25 |       ||    50
         Tentacles         |    15 |    31 |       ||    46
         Punch             |     3 |     2 |       ||     5
  Evoke: Wand              |       |     1 |     1 ||     2
    Use: Potion            |       |       |     1 ||     1
   Stab: Sleeping          |     3 |     1 |       ||     4
 Armour: Skin              |    24 |    40 |     7 ||    71
  Dodge: Dodged            |    40 |    57 |     5 ||   102

Table legend: (Time is in decaauts)
 A = Elapsed time spent in this place.
 B = Non-inter-level travel time spent in this place.
 C = Inter-level travel time spent in this place.
 D = Time resting spent in this place.
 E = Time spent auto-exploring this place.
 F = Levels seen in this place.
 G = Mean time per level.
                   A        B        C        D        E       F      G
               +--------+--------+--------+--------+--------+-----+--------+
         Total |   3255 |   3175 |     80 |    715 |   1927 |   4 |  813.8 |
       Dungeon |   3255 |   3175 |     80 |    715 |   1927 |   4 |  813.8 |
               +--------+--------+--------+--------+--------+-----+--------+

Top non-repeatable levels by time:
     D:3: 1076 daAuts
     D:2: 888 daAuts
     D:1: 853 daAuts
     D:4: 436 daAuts
